AoeStats
← KriVetz

Arabia

508675720Analyzed
1v1 RM · 9d ago on Sep 23, 2026· 33m 44s· 2 players
Game mode
Random Map
Map size
Tiny (2 player)
Population
200
Speed
Normal
Resources
Standard
Victory
Conquest
Starting age
Dark Age
Ending age
Imperial Age
RankedLock teamsTeams togetherTeam positionsShared explorationLock speedFull tech treeHidden civsTurbo modeCheats
Victory
Defeat
🇩🇪 Hindustanis · Germany
1021
+13
🇹🇷 Ethiopians · Türkiye
962
-13
LuxusLuchs
9:36 Feudal Age
15:12 Castle Age
13:59 Double-Bit Axe
15:15 Forging
15:06 Scale Mail Armor
19:53 Chain Mail Armor
35:35 Imperial Age
KriVetz
3:27 Loom
10:20 Feudal Age
13:29 Double-Bit Axe
14:52 Fletching
15:02 Padded Archer Armor
16:24 Wheelbarrow
23:27 Castle Age
24:45 Gold Mining
29:47 Bow Saw
33:46 Scale Mail Armor
Connection lost

Rejoining the realm…

Still unreachable

The connection could not be restored.

Session expired

The server has moved on; the page needs a fresh start.